Map: Baie du Roi EC

Players

IIIIIIIIIIII

  • Race: Zerg Zerg
  • League: Grandmaster
  • Spawn Location: 11:00

Linley - Winner!

  • Race: Protoss Protoss
  • League: Grandmaster
  • Spawn Location: 5:00

VOD

Have the link to the VOD?

Description

Time

  • Played on: May 16, 2019, 9:54 a.m.
  • Length: 10:18
Show
View Real Time Build Order
Export as new Build Order

IIIIIIIIIIII Zerg 

Build Orders: Hatch First 

Get SALT Encoding   

  12  0:01  Drone  
  13  0:12  Overlord  
  13  0:18  Drone  
  14  0:32  Drone x2  
  14  0:35  Drone  
  17  0:53  Hatchery  
  17  0:56  Drone  
  17  0:59  Drone  
  18  1:10  Extractor  
  17  1:14  Spawning Pool  
  17  1:17  Drone  
  17  1:21  Drone  
  18  1:30  Drone  
  19  1:40  Overlord  
  19  1:50  Drone  
  20  2:01  Queen  
  20  2:02  Zergling x2  
  20  2:05  Queen  
  20  2:06  Zergling x2  
  26  2:11  Metabolic Boost  
  26  2:12  Drone  
  27  2:17  Drone  
  29  2:22  Drone  
  29  2:28  Drone  
  30  2:32  Drone  
  31  2:41  Hatchery  
  30  2:48  Queen  
  32  2:52  Overlord  
  32  2:54  Drone  
  32  2:58  Drone  
  34  2:59  Drone  
  34  3:01  Drone  
  36  3:10  Overlord  
  36  3:12  Drone x2  
  38  3:14  Drone  
  38  3:15  Drone  
  40  3:21  Overlord  
  40  3:22  Drone  
  41  3:30  Queen  
  41  3:32  Overlord  
  41  3:34  Drone  
  44  3:43  Drone x2  
  44  3:44  Drone x2  
  44  3:47  Drone  
  49  3:53  Queen  
  49  3:54  Drone x2  
  53  3:55  Drone  
  53  3:56  Drone  
  53  3:59  Zergling x4  
  57  4:06  Roach Warren  
  56  4:11  Lair  
  56  4:12  Drone x2  
  56  4:14  Extractor  
  56  4:15  Extractor  
  56  4:16  Drone x2  
  58  4:21  Overlord  
  58  4:25  Overlord  
  58  4:29  Zergling x10  
  63  4:44  Overlord x3  
  63  4:49  Roach  
  63  4:50  Roach x2  
  69  5:04  Drone x3  
  69  5:05  Drone x3  
  69  5:06  Drone x3  
  78  5:08  Roach x3, Extractor  
  83  5:16  Roach x2  
  83  5:18  Overseer  
  83  5:20  Drone x2  
  83  5:21  Drone  
  89  5:26  Roach x2  
  93  5:33  Roach  
  93  5:34  Roach x2  
  93  5:35  Overlord x2  
  99  5:42  Ravager x3  
  102  5:44  Ravager  
  102  5:48  Zergling x6  
  106  5:52  Overlord x3  
  106  5:55  Roach x4  
  114  6:00  Zergling x2  
  114  6:01  Zergling x2  
  114  6:02  Ravager  
  110  6:12  Zergling x10  
  105  6:21  Zergling x10, Queen  
  105  6:22  Queen x2  
  100  6:27  Roach x2  
  93  6:35  Zergling x2  
  93  6:37  Roach  
  93  6:39  Roach  
  95  6:46  Roach x4  
  98  6:50  Zergling x2  
  89  6:54  Ravager  
  89  6:57  Zergling x2  
  89  6:58  Roach  
  87  7:01  Zergling x4  
  87  7:06  Roach  
  88  7:10  Ravager x5  
  88  7:11  Zergling x2  
  88  7:14  Roach  
  88  7:15  Roach  
  97  7:24  Roach  
  97  7:28  Roach  
  101  7:34  Glial Reconstitution  
  101  7:42  Zergling x16  
  109  7:45  Extractor, Hatchery  
  105  7:56  Hatchery  
  105  7:58  Zergling x4  
  104  7:59  Queen  
  104  8:01  Queen  
  108  8:08  Overlord x3  
  108  8:13  Overlord x2  
  108  8:17  Drone x4  
  112  8:23  Spire  
  112  8:25  Evolution Chamber  
  110  8:33  Drone  
  110  8:34  Drone  
  112  8:35  Queen  
  113  8:48  Drone x7  
  120  8:53  Drone x2  
  119  9:23  Zergling x26  
  132  9:27  Hatchery  
  131  9:34  Zergling x8  
  131  9:37  Baneling Nest  
  134  9:41  Mutalisk x2  
  131  9:55  Zergling x18  
Show
View Real Time Build Order
Export as new Build Order

Linley Protoss - Winner!

Build Orders: 1 Gate Expand 

Get SALT Encoding   

  12  0:00  Probe  
  13  0:13  Probe  
  14  0:19  Pylon  
  14  0:25  Probe  
  15  0:33  Probe  
  15  0:39  Gateway  
  15  0:41  Probe  
  16  0:48  Assimilator  
  17  0:51  Probe  
  18  1:03  Probe  
  19  1:16  Probe  
  20  1:26  Nexus  
  20  1:36  Cybernetics Core  
  20  1:39  Probe  
  21  1:45  Assimilator  
  21  1:51  Probe  
  22  1:54  Pylon  
  22  2:03  Probe  
  22  2:04  Adept  
  23  2:12  Robotics Facility  
  25  2:18  Probe  
  25  2:21  Warp Gate  
  26  2:31  Probe  
  26  2:34  Probe, Stalker  
  29  2:42  Probe  
  29  2:43  Probe  
  32  2:52  Probe  
  32  2:55  Probe  
  34  3:02  Probe  
  34  3:03  Warp Prism  
  36  3:09  Probe  
  38  3:12  Probe  
  38  3:14  Gateway, Sentry  
  41  3:21  Pylon  
  41  3:24  Probe x2  
  43  3:30  Immortal  
  43  3:36  Probe x2  
  49  3:48  Assimilator  
  49  3:49  Probe  
  49  3:50  Pylon  
  51  3:55  Probe  
  51  3:58  Immortal  
  51  4:02  Probe  
  52  4:08  Probe  
  57  4:15  Gateway, Sentry  
  57  4:16  Sentry  
  61  4:19  Gateway  
  61  4:21  Probe  
  62  4:28  Pylon  
  62  4:33  Pylon  
  62  4:36  Immortal  
  62  4:46  Sentry  
  62  4:47  Sentry  
  62  4:48  Gateway  
  70  4:52  Gateway  
  70  4:58  Gateway  
  70  5:01  Pylon  
  70  5:10  Sentry  
  70  5:11  Zealot x2  
  76  5:16  Observer  
  76  5:20  Pylon  
  77  5:22  Pylon  
  77  5:27  Shield Battery  
  77  5:39  Zealot x4  
  85  5:45  Zealot  
  85  5:47  Zealot  
  89  5:52  Zealot  
  91  6:05  Zealot x3  
  91  6:13  Zealot x3  
  91  6:14  Zealot  
  85  6:26  Zealot x3  
  77  6:40  Stalker x4  
  81  6:53  Stalker x3  
  81  7:08  Zealot x2  
  81  7:09  Zealot x2  
  89  7:17  Zealot x3  
  95  7:32  Assimilator  
  95  7:34  Robotics Bay  
  95  7:40  Robotics Bay  
  95  7:42  Immortal  
  99  7:44  Forge  
  99  7:46  Sentry  
  99  7:50  Pylon  
  101  7:54  Pylon  
  101  8:04  Pylon  
  101  8:06  Probe  
  101  8:08  Probe, Nexus  
  103  8:14  Disruptor  
  103  8:18  Probe  
  104  8:20  Probe  
  108  8:32  Pylon  
  108  8:36  Zealot, Sentry  
  112  8:49  Disruptor  
  115  8:56  Zealot x6  
  115  8:57  Twilight Council  
  115  8:59  Observer  
  127  9:17  Stalker  
  127  9:18  Zealot x2  
  127  9:23  Probe, Pylon  
  127  9:24  Probe  
  135  9:25  Probe  
  136  9:40  Zealot x2  
  137  9:57  Zealot x5  
  122  10:08  Stalker x2  
Tags
 
Add a new tag
Caveats
  • Supply blocks, unpowered buildings, or Contaminate may cause inaccurate times.
  • Supply counts are checked every 10 seconds.